Cogmind - Beta 14 @@@ ROGUE MODE // 2025.04.26 @ 00:23:13 Player: jumpy Result: Destroyed by B-75 Beast with Magnetic Acceleration Cannon Performance ------------- Evolutions (2) 1000 Regions Visited (6) 1200 Robots Destroyed (51) 255 Value Destroyed (2231) 2231 Prototype IDs (27) 540 Alien Tech Used (0) 0 Bonus (1468) 1468 TOTAL SCORE: 6694 Bonus ------- High Alert Combat Kills 272 Follower Combat Kills 225 Entered Garrisons 200 Used RIF Installer 500 Aligned with FarCom 300 Friendly Fire -29 Cogmind --------- Core Integrity 0/550 Matter 223/300 Energy 58/100 System Corruption 9% Temperature Critical (693) Movement Core (250) Ox4 Location -8/Garrison Parts ------- > --- POWER (1) -------- (None) > --- PROPULSION (4) --- (None) > --- UTILITY (4) ------ Medium Storage Unit Relay Coupler [NC] (31) > --- WEAPON (2) ------- Particle Cannon > --- INVENTORY (10) --- Light Ion Engine Light Ion Engine Seismic Detector Relay Coupler [Hunter] (18) Peak State ------------ > --- POWER ------------ Light Nuclear Core > --- PROPULSION ------- Wheel Wheel Compact Wheel Compact Wheel > --- UTILITY ---------- Medium Storage Unit Advanced Visual Processing Unit Targeting Computer Improved Medium Armor Plating > --- WEAPON ----------- Shock Rifle Gauss Cannon > --- INVENTORY -------- Ion Engine Light Treads Seismic Detector Particle Cannon Flak Cannon [Rating: 23] Favorites ----------- Power Light Ion Engine Engine Light Ion Engine Power Core Light Nuclear Core Propulsion Light Treads Treads Light Treads Leg Aluminum Leg Wheel Wheel Utility Medium Storage Unit Device Seismic Detector Storage Medium Storage Unit Processor Advanced Visual Processing Unit Hackware Relay Coupler [NC] Protection Improved Medium Armor Plating Weapon Heavy Assault Rifle Energy Gun Medium Laser Energy Cannon Particle Cannon Ballistic Gun Heavy Assault Rifle Ballistic Cannon Gauss Cannon Build | -11 -10 -10 -10 -9 -8 -8 ------- Run | Yrd Mat Min Exi Min Mat Gar Slots Evolved 4 | . . . . . 4 . Power . | . . . . . . . Propulsion 2 | . . . . . 2 . Utility 2 | . . . . . 2 . Weapon . | . . . . . . . Parts Attached 58 | 8 2 . . 4 15 29 Power 8 | 1 1 . . 1 1 4 Engine 7 | 1 1 . . 1 . 4 Core 1 | . . . . . 1 . Reactor . | . . . . . . . Propulsion 22 | 2 . . . 2 5 13 Treads 11 | 2 . . . 2 . 7 Leg 6 | . . . . . . 6 Wheel 5 | . . . . . 5 . Hover . | . . . . . . . Flight . | . . . . . . . Utility 7 | 2 1 . . . 3 1 Device 1 | 1 . . . . . . Storage 2 | 1 1 . . . . . Processor 2 | . . . . . 2 . Hackware 1 | . . . . . . 1 Protection 1 | . . . . . 1 . Artifact . | . . . . . . . Weapon 21 | 3 . . . 1 6 11 Energy Gun 8 | 2 . . . . 5 1 Energy Cannon 2 | . . . . . . 2 Ballistic Gun 5 | 1 . . . . 1 3 Ballistic Cannon 6 | . . . . 1 . 5 Launcher . | . . . . . . . Special Weapon . | . . . . . . . Impact Weapon . | . . . . . . . Slashing Weapon . | . . . . . . . Piercing Weapon . | . . . . . . . Special Melee Weapon . | . . . . . . . Unidentified Prototypes 2 | . . . . . 2 . Parts Lost 30 | . . . . 5 4 21 Power 5 | . . . . 1 . 4 Propulsion 14 | . . . . 2 4 8 Utility 4 | . . . . 1 . 3 Weapon 7 | . . . . 1 . 6 Highest Loss Streak 10 | . . . . 3 2 10 To Critical Strikes 1 | . . . . 1 . . Average Slot Usage (%) 84 | . 100 100 100 74 81 77 Engine 9 | . 14 14 14 13 3 7 Treads 19 | . 28 28 28 24 4 16 Leg 4 | . . . . . . 10 Wheel 2 | . . . . . 17 1 Device 4 | . 14 14 14 . . . Storage 11 | . 14 14 14 14 9 9 Processor 8 | . . . . . 16 14 Protection 1 | . . . . . 8 . Energy Gun 12 | . 28 28 28 11 9 4 Ballistic Gun 3 | . . . . . . 8 Ballistic Cannon 3 | . . . . 9 7 4 Peak Build Rating 23 | 7 7 7 9 11 23 23 Average Rating 12 | 5 7 7 7 8 20 15 On Entrance 8 | . 7 7 7 9 8 23 Naked Turns . | . . . . . . . Heaviest Build 32 | 12 17 17 17 24 32 26 Greatest Support 80 | 40 40 40 40 40 52 80 Greatest Overweight (x) 3 | . . . . 1 3 2 Average Overweight (x) . | . . . . . 1 . Largest Inventory Capacity 10 | 8 10 10 10 10 10 10 Average Capacity 9 | 7 9 10 10 10 10 10 Most Carried 10 | 5 6 5 8 10 8 9 Average Carried 6 | 2 4 5 6 7 4 6 Final Capacity 10 | 8 10 10 10 10 10 10 Final Carried 8 | 5 5 5 8 7 7 4 Class Distribution -------------------- 62% | Mutant 37% | Scavenger-Mutant Dominant Class ---------------- Mutant | -10/Materials Mutant | -10/Mines Mutant | -10/Exiles Mutant | -9/Mines Mutant | -8/Materials Scavenger-Mutant | -8/Garrison Resources | -11 -10 -10 -10 -9 -8 -8 ----------- Run | Yrd Mat Min Exi Min Mat Gar Matter Collected 1450 | 280 68 . . 49 265 788 Remotely . | . . . . . . . Salvage Created 1782 | 231 209 . . 166 480 696 Parts 100 | 18 7 . . 9 27 39 Haulers Intercepted 1 | . . . . . 1 . Recyclers Shooed 1 | . 1 . . . . . Parts Field Recycled . | . . . . . . . Retrieved Matter . | . . . . . . . Parts Self-Destructed . | . . . . . . . Prevented . | . . . . . . . Kills | -11 -10 -10 -10 -9 -8 -8 ------- Run | Yrd Mat Min Exi Min Mat Gar Combat Hostiles Destroyed 38 | . 4 . . 4 7 23 Guns 25 | . 4 . . 4 3 14 Cannons 13 | . . . . . 4 9 Classes Destroyed 10 | 3 1 . . 2 3 1 Worker 1 | 1 . . . . . . Tunneler 8 | 8 . . . . . . Hauler 1 | . . . . . 1 . Recycler 2 | 1 . . . . 1 . Operator 1 | . . . . . 1 . Swarmer 11 | . . . . 1 . 10 Grunt 18 | . 4 . . 2 5 7 Brawler 1 | . . . . 1 . . Sentry 6 | . . . . . 2 4 Specialist 2 | . . . . . . 2 Best Kill Streak 6 | 2 2 . . 3 6 4 Combat Bots Only 4 | . 2 . . 3 3 4 Max Kills in Single Turn 1 | 1 1 . . 1 1 1 Gunslinging . | . . . . . . . Exploded . | . . . . . . . Melee . | . . . . . . . Uniques/NPCs Destroyed . | . . . . . . . Combat | -11 -10 -10 -10 -9 -8 -8 -------- Run | Yrd Mat Min Exi Min Mat Gar Hostile Shots Fired 325 | . 22 . . 44 35 224 Missed 74 | . 4 . . 10 7 53 Damage Taken 3970 | . 286 . . 463 500 2721 Core 641 | . 56 . . 27 85 473 Absorbed by Shields 21 | . . . . . . 21 Core Remaining (%) 83 | 100 . . . 66 . . Volleys Fired 185 | 27 19 . . 10 22 107 Largest 2 | 2 2 . . 2 2 2 Hottest 125 | 90 90 . . 98 122 125 Shots Fired 335 | 54 38 . . 20 44 179 Gun 248 | 54 38 . . 18 24 114 Cannon 87 | . . . . 2 20 65 Launcher . | . . . . . . . Special . | . . . . . . . Kinetic 147 | . . . . 2 20 125 Thermal 168 | 54 38 . . 18 4 54 Explosive . | . . . . . . . Electromagnetic 20 | . . . . . 20 . Robot Hit Streak 26 | 12 10 . . 16 8 26 Robot Miss Streak 6 | 6 3 . . 1 2 5 Penetration Max . | . . . . . . . Secondary Targets 4 | . . . . . . 4 Max Gunslinging Chain 1 | . . . . . . 1 Shots Hit Robots 214 | 32 23 . . 16 31 112 Core Hits 99 | 11 10 . . 7 16 55 Critical Kills 5 | . . . . . . 5 Critical Parts Destroyed 8 | . . . . . . 8 Critical Strikes 26 | 1 2 . . 1 3 19 Burn 9 | 1 2 . . 1 . 5 Destroy 13 | . . . . . . 13 Blast 4 | . . . . . 3 1 Melee Attacks . | . . . . . . . Impact . | . . . . . . . Slashing . | . . . . . . . Piercing . | . . . . . . . Sneak Attacks . | . . . . . . . Combat Hostiles . | . . . . . . . Follow-up Attacks . | . . . . . . . Damage Inflicted 4051 | 380 276 . . 196 910 2289 Guns 2451 | 380 276 . . 193 326 1276 Cannons 1441 | . . . . . 428 1013 Explosions 156 | . . . . . 156 . Melee . | . . . . . . . Ramming 3 | . . . . 3 . . Kinetic 1970 | . . . . . 428 1542 Thermal 1803 | 380 276 . . 193 207 747 Explosive . | . . . . . . . Electromagnetic 275 | . . . . . 275 . Impact . | . . . . . . . Slashing . | . . . . . . . Piercing . | . . . . . . . Highest Corruption 9 | . . . . 5 4 9 Average Corruption 5 | . . . . 4 4 6 Corruption Purged . | . . . . . . . Corruption Blocked . | . . . . . . . Effects 70 | . . . . 8 7 55 Message Errors 18 | . . . . 2 . 16 Matter Fused 16 | . . . . 2 2 12 Heat Flow Errors 7 | . . . . 2 . 5 Energy Discharges 8 | . . . . 1 2 5 Parts Rejected 1 | . . . . . . 1 Parts Fused 1 | . . . . . . 1 Data Loss (minor) 11 | . . . . . 2 9 Data Loss (major) 4 | . . . . 1 1 2 Misfires 2 | . . . . . . 2 Alerts 1 | . . . . . . 1 Weapon Failures 1 | . . . . . . 1 Overload Shots . | . . . . . . . Overflow Damage 27 | . . . . . 15 12 Projectiles 12 | . . . . . . 12 Explosions 15 | . . . . . 15 . Melee . | . . . . . . . Knockbacks 12 | . . . . . 3 9 Impact . | . . . . . . . Kinetic 12 | . . . . . 3 9 Secondary . | . . . . . . . Self-Inflicted Damage 91 | . . . . . 91 . Shots 2 | . . . . . 2 . Rammed 1 | . . . . 1 . . Targets Rammed 1 | . . . . 1 . . Kicked . | . . . . . . . Crushed . | . . . . . . . Highest Temperature 481 | 120 375 . . 192 158 481 Average Temperature 110 | 49 182 . . 82 61 135 Received Heat Transfer 1986 | . 132 . . 180 207 1467 Effects 2 | . 1 . . . . 1 Matter Decay 1 | . 1 . . . . . Damage (minor) 1 | . . . . . . 1 Siege Activations . | . . . . . . . Robots Corrupted . | . . . . . . . Combat Hostiles . | . . . . . . . Parts Fried 1 | . . . . . 1 . Impact Corruptions . | . . . . . . . Robots Melted . | . . . . . . . Combat Hostiles . | . . . . . . . Parts Melted 4 | 1 3 . . . . . Heat Transferred 4573 | 1102 891 . . 582 361 1637 Parts Sabotaged . | . . . . . . . Parts Stolen . | . . . . . . . Parts Stripped . | . . . . . . . Power Chain Reactions 2 | . . . . . 2 . Alert | -11 -10 -10 -10 -9 -8 -8 ------- Run | Yrd Mat Min Exi Min Mat Gar Peak Influence 1356 | 50 138 . . 120 237 1356 Initial 154 | . 32 . . . . 154 Average 429 | 26 93 . . 81 84 792 Maximum Alert Level 4 | . . . . . 1 4 Low Security (%) 48 | 100 100 100 . 100 81 1 Level 1 11 | . . . . . 18 19 Level 2 8 | . . . . . . 17 Level 3 15 | . . . . . . 31 Level 4 15 | . . . . . . 29 Level 5 . | . . . . . . . High Security . | . . . . . . . Max Security . | . . . . . . . Squads Dispatched 8 | . . . . 1 7 . Investigation 3 | . . . . 1 2 . Extermination . | . . . . . . . Reinforcement 2 | . . . . . 2 . Assault . | . . . . . . . Garrison 3 | . . . . . 3 . Intercept . | . . . . . . . Searches Triggered . | . . . . . . . Construction Impeded . | . . . . . . . Haulers Reinforced . | . . . . . . . Active Scanning Responses . | . . . . . . . Cargo Convoy Interrupts . | . . . . . . . Stealth | -11 -10 -10 -10 -9 -8 -8 --------- Run | Yrd Mat Min Exi Min Mat Gar Distress Signals 3 | . . . . . 3 . Communications Jammed . | . . . . . . . Distress Signals . | . . . . . . . Times Spotted 58 | . 5 . . 11 12 30 Peak Tracking Total 5 | . 2 . . 5 3 4 Tactical Retreats 4 | . . . . 1 . 3 Traps | -11 -10 -10 -10 -9 -8 -8 ------- Run | Yrd Mat Min Exi Min Mat Gar Traps Triggered 10 | . 2 . . 3 . 5 Indirectly . | . . . . . . . Trap Hack Attempts . | . . . . . . . Triggered . | . . . . . . . Disarmed . | . . . . . . . Reprogrammed . | . . . . . . . Reused . | . . . . . . . Traps Extracted . | . . . . . . . Installed . | . . . . . . . Triggered . | . . . . . . . Machines | -11 -10 -10 -10 -9 -8 -8 ---------- Run | Yrd Mat Min Exi Min Mat Gar Machines Disabled 6 | . . . . . 2 4 Max in Single Turn 1 | . . . . . 1 1 Garrison Relay 4 | . . . . . . 4 Machines Repaired . | . . . . . . . Machines Dismantled . | . . . . . . . Machines Sabotaged . | . . . . . . . Overloaded Fab Kills . | . . . . . . . Hacking | -11 -10 -10 -10 -9 -8 -8 --------- Run | Yrd Mat Min Exi Min Mat Gar Machines Accessed 11 | . 2 . 2 2 2 3 Terminals 6 | . 2 . . . 1 3 Fabricators . | . . . . . . . Repair Stations . | . . . . . . . Recycling Units . | . . . . . . . Scanalyzers . | . . . . . . . Garrison Access 1 | . . . . . 1 . Total Hacks 41 | . 5 . 24 2 3 7 Successful 30 | . 1 . 24 2 1 2 Failed 11 | . 4 . . . 2 5 Catastrophic 3 | . . . . . 1 2 Database Lockouts . | . . . . . . . Manual 4 | . 3 . 1 . . . Terminals 14 | . 5 . . . 2 7 Fabricators . | . . . . . . . Repair Stations . | . . . . . . . Recycling Units . | . . . . . . . Scanalyzers . | . . . . . . . Garrison Access 1 | . . . . . 1 . Terminal Hacks 29 | . 1 . 24 2 . 2 Record 23 | . . . 23 . . . Prototype ID Bank 1 | . 1 . . . . . Open Door 3 | . . . . 2 . 1 Emergency Access Points 1 | . . . . . . 1 Derelict Proto ID Bank 1 | . . . 1 . . . Fabricator Hacks . | . . . . . . . Repair Station Hacks . | . . . . . . . Recycling Unit Hacks . | . . . . . . . Scanalyzer . | . . . . . . . Garrison Access Hacks 1 | . . . . . 1 . Unlock Access 1 | . . . . . 1 . Unauthorized Hacks . | . . . . . . . Terminals . | . . . . . . . Fabricators . | . . . . . . . Repair Stations . | . . . . . . . Recycling Units . | . . . . . . . Scanalyzers . | . . . . . . . Garrison Access . | . . . . . . . Data Cores Recovered . | . . . . . . . Used . | . . . . . . . Hacking Detections 5 | . 1 . . . 1 3 Full Trace Events 2 | . . . . . 1 1 Feedback Events . | . . . . . . . Feedback Blocked . | . . . . . . . Robot Schematics Acquired . | . . . . . . . Robots Built . | . . . . . . . Authchips . | . . . . . . . Time . | . . . . . . . Total Robot Build Rating . | . . . . . . . Part Schematics Acquired . | . . . . . . . Parts Built . | . . . . . . . Authchips . | . . . . . . . Time . | . . . . . . . Total Part Build Rating . | . . . . . . . Parts Repaired . | . . . . . . . Time . | . . . . . . . Parts Recycled . | . . . . . . . Recycled Matter . | . . . . . . . Retrieved Matter . | . . . . . . . Retrieved Components . | . . . . . . . Parts Scanalyzed . | . . . . . . . Part Schematics Acquired . | . . . . . . . Parts Damaged . | . . . . . . . Bothacking | -11 -10 -10 -10 -9 -8 -8 ------------ Run | Yrd Mat Min Exi Min Mat Gar Used RIF Installer 1 | . . . . . . 1 Robots Hacked . | . . . . . . . Non-combat . | . . . . . . . Combat . | . . . . . . . Robot Hacks Applied . | . . . . . . . Relay Couplers Released 15 | . . . . . . 15 Machine Destruction 15 | . . . . . . 15 Attached 1 | . . . . . . 1 Fabnet Peak Effective % . | . . . . . . . Robots Rewired 2 | . . . . . . 2 Allies Hacked . | . . . . . . . Hacks Repelled . | . . . . . . . Allies | -11 -10 -10 -10 -9 -8 -8 -------- Run | Yrd Mat Min Exi Min Mat Gar Total Allies 2 | . . . . . . 2 Largest Group 2 | . . . . . . 2 Highest-Rated Group 70 | . . . . . . 70 Highest-Rated Ally 39 | . . . . . . 39 Total Orders . | . . . . . . . Ally Attacks 72 | . . . . 35 . 37 Total Damage 2280 | . . . . 1708 . 572 Kills 32 | . . . . 21 . 11 Allies Corrupted . | . . . . . . . Allies Melted . | . . . . . . . Turrets Deployed 3 | . . . . 3 . . Intel | -11 -10 -10 -10 -9 -8 -8 ------- Run | Yrd Mat Min Exi Min Mat Gar Robot Analysis Total . | . . . . . . . Derelict Logs Recovered . | . . . . . . . Drone Launches . | . . . . . . . Drone Recoveries . | . . . . . . . Exploration | -11 -10 -10 -10 -9 -8 -8 ------------- Run | Yrd Mat Min Exi Min Mat Gar Turns Passed 4140 | 358 417 261 445 445 357 1857 Spaces Moved 2276 | 173 219 162 276 227 242 977 Core 14 | 14 . . . . . . Treads 1613 | 159 219 162 276 227 . 570 Legs 352 | . . . . . . 352 Wheels 297 | . . . . . 242 55 Hover . | . . . . . . . Flight . | . . . . . . . Fastest Speed 50 | 50 160 160 160 160 86 95 Average Speed 149 | 151 160 160 160 174 98 149 Slowest Speed 260 | 160 160 160 160 240 125 260 Overloaded Moves . | . . . . . . . Propulsion Burnouts . | . . . . . . . Robots Hopped 1 | . . . . 1 . . Cave-ins Triggered . | . . . . . . . Exploration Rate (%) 43 | 7 38 43 70 43 28 75 Regions Visited 6 Branch Regions 3 Pre-discovered Areas 1 | . . . 1 . . . Known Exits Taken 1 | . . . . . 1 . Unknown Exits Taken 5 | 1 1 1 1 1 . . Scrap Searched . | . . . . . . . Spaces Dug . | . . . . . . . Terrain Destroyed 18 | . . . . 2 14 2 Melee . | . . . . . . . Projectile 9 | . . . . 2 5 2 AOE 9 | . . . . . 9 . Terrain Rammed . | . . . . . . . Walls Destroyed . | . . . . . . . Machines Disabled . | . . . . . . . Actions | -11 -10 -10 -10 -9 -8 -8 --------- Run | Yrd Mat Min Exi Min Mat Gar Total 2658 | 212 248 164 280 256 313 1185 Wait 59 | . 6 3 2 4 24 20 Move 2268 | 172 218 161 275 224 241 977 Hop 1 | . . . . 1 . . Pick Up 29 | 5 1 . 3 5 6 9 Fast Attach 25 | 7 . . . 2 7 9 Attach 14 | . . . . . 5 9 Detach 1 | . . . . . 1 . Swap 19 | 1 2 . . 2 3 11 Drop 21 | . 2 . . 7 4 8 Fire 185 | 27 19 . . 10 22 107 Melee . | . . . . . . . Ram . | . . . . . . . Kick . | . . . . . . . Crush 1 | . . . . 1 . . Escape Stasis 25 | . . . . . . 25 Rewire 10 | . . . . . . 10 Trap . | . . . . . . . Miscellaneous . | . . . . . . . Route ------- -11/Scrapyard -10/Materials -10/Mines (discovered 2 exits: [*Mat] / *Exi) -10/Exiles -9/Mines -8/Materials (discovered 2 exits: [*Fac] / Gar) -8/Garrison (discovered 3 exits: [*Mat x3]) History --------- Turn | Location | Event 6 | -11/Scrapyard | Discovered new exit (range 16) 359 | -11/Scrapyard | Entered Materials 360 | -10/Materials | Build established: Mutant 583 | -10/Materials | Discovered new exit (range 16) 776 | -10/Materials | Entered Mines 796 | -10/Mines | Met a Derelict bent on vengeance 1015 | -10/Mines | Discovered new exit (range 11) 1029 | -10/Mines | Deemed a non-threat by the Exiles lab entrance 1031 | -10/Mines | Discovered new exit (range 5) 1037 | -10/Mines | Entered Exiles 1077 | -10/Exiles | Met 8R-AWN 1105 | -10/Exiles | Met EX-HEX 1172 | -10/Exiles | Met EX-DEC 1217 | -10/Exiles | Met EX-BIN 1241 | -10/Exiles | Aligned with FarCom system 1243 | -10/Exiles | Given EX-Vault access code 1281 | -10/Exiles | Opened EX-Vault 1300 | -10/Exiles | Found Deploy-a-Sentry 1303 | -10/Exiles | Found Deploy-a-Sentry 1305 | -10/Exiles | Found Deploy-a-Sentry 1340 | -10/Exiles | Warned to stay clear of 0b10 Research branches 1418 | -10/Exiles | Learned location of Zion (-6) 1463 | -10/Exiles | Discovered new exit (range 14) 1482 | -10/Exiles | Left Exiles lab with Deploy-a-Sentry 1482 | -10/Exiles | Entered Mines 1529 | -9/Mines | DAS Turret deployed 1531 | -9/Mines | Lost 3 parts (1p1n1u) 1618 | -9/Mines | Met a Derelict shopkeep closing up shop 1678 | -9/Mines | Assembled infested the area 1712 | -9/Mines | DAS Turret deployed 1734 | -9/Mines | DAS Turret deployed 1819 | -9/Mines | Met a Derelict who couldn't figure out how to use a Trap Extractor 1901 | -9/Mines | Discovered new exit (range 11) 1927 | -9/Mines | Entered Materials 1927 | -8/Materials | Evolved 4 slots: Propulsion x2, Utility x2 1968 | -8/Materials | Garrison activated, responded to threat 2202 | -8/Materials | Discovered new exit (range 20) 2283 | -8/Materials | Identified exit to Garrison 2284 | -8/Materials | Entered Garrison 2401 | -8/Garrison | Lost 3 parts (1p1n1u) 2416 | -8/Garrison | Triggered checkpoint 2595 | -8/Garrison | Garrison Relay disabled 2668 | -8/Garrison | Triggered checkpoint 2722 | -8/Garrison | Triggered checkpoint 2840 | -8/Garrison | Triggered checkpoint 2853 | -8/Garrison | Discovered new exit (range 13) 2896 | -8/Garrison | Build established: Scavenger-Mutant 2901 | -8/Garrison | Garrison Relay disabled 3003 | -8/Garrison | Garrison Relay disabled 3140 | -8/Garrison | Discovered new exit (range 10) 3202 | -8/Garrison | Triggered checkpoint 3211 | -8/Garrison | Garrison Relay disabled 3298 | -8/Garrison | Triggered checkpoint 3390 | -8/Garrison | Triggered checkpoint 3447 | -8/Garrison | Lost 3 parts (1n1u1w) 3794 | -8/Garrison | Triggered checkpoint 3794 | -8/Garrison | Discovered new exit (range 14) 3954 | -8/Garrison | Installed Relay Interface Framework 4096 | -8/Garrison | Spotted B-75 Beast 4112 | -8/Garrison | Core integrity fell below 50% 4135 | -8/Garrison | Core integrity fell below 20% 4141 | -8/Garrison | Destroyed by B-75 Beast with Magnetic Acceleration Cannon Last Messages --------------- 04103_ Aluminum Leg destroyed. 04107_ Lgt. Ion Engine destroyed. 04108_ System corrupted: Component data lost. 04111_ Aluminum Leg destroyed. 04111_ Knocked back. 04111_ Adv. Visual Processing Unit destroyed. 04114_ Knocked back. 04115_ Y-45 Defender destroyed. 04120_ Knocked back. 04125_ Spread Laser destroyed. 04126_ System corrupted: Matter fused (-5). 04128_ Flak Cannon destroyed. 04128_ Aluminum Leg destroyed. 04131_ Critical hit (Meltdown: +310). 04132_ Acquired 3 matter. 04133_ HV Slug penetrates Wall. 04134_ Bore Cannon destroyed. 04134_ Hvy. Assault Rifle destroyed. 04138_ Acquired 2 matter. 04141_ Critical hit (Meltdown: +320). Map ----- +----------------------------------------------------+ | ????????????????????????????#" | | ????????????????????????????####### | | ??????????????????????????????????? | | ??????????????????????????????????? | | ?????????????????????????????????## | | ?????????????????????????????????# | | ?????????????????????????????????# | | ?????????????????????????????????# | | ????????????????????????????????##" | | ????????????????????????????????# | | ????????????????????????????????# | | ????????????????????????????????# | | ????????????????????????????????# | | ????????????????????????????????# | | ????????????????????????????????# | | ??????############??????????????# | | ??????#""""""""""#????????#####?# | | ??????#"""]!!=!="###??+???+ #?# | | ??????#"" ##+##### ### | | ??????#"!% ##?# + | | ??????#"! ??# ; [=== | | ??????#"*%! ??# ########%!%### | | ??????#"]BB#### #??????#%!!#?# | | ??????#""BB% ^ #?????#""=""## | | ??????#"!!!![!!!"###?????######## | | ??????#"""@%"""""#??????????????# | | ??????############??????????????# | | ????????????????????????????????# | | ????????????????????????????????# | | ????????????????????????????????# | | ????????????????????????????????# | | ???????????????????????########## | | ???????????????????????# = [= | | ???????????????????????# ==% | | ???????????????????????# < ## ##### | | ???????????????????????# ???# ????? | | ????????????????????????????#?????? | | ??????????????????????????????????? | | ??????????????????????????????????? | | ??????????????????????????????????? | | ??????????????????????????????????? | | ??????????????????????????????????? | | ??????????????????????????????????? | | ??????????????????????????????????? | | ??????????????????????????????????? | | ??????????????????????????????????? | | ??????????????????????????????????? | | ??????????????????????????????????? | | ??????????????????????????????????? | | ??????????????????????????????????? | +----------------------------------------------------+ Best States ------------- Heat Dissipation 31 Energy Generation 14 Energy Capacity 250 Matter Stores 300 Matter Capacity 300 Sight Range 20 Terrain Scan Density 10 Armor Coverage 225 Evasion (%) 55 Targeting Accuracy 5 Recoil Reduction 4 Relay Coupler Types 1 Relay Coupler Value 31 Item Schematics ----------------- None Robot Schematics ------------------ None Fabricated ------------ Nothing Alien Tech Used ----------------- None Achievements -------------- None Challenges ------------ None Game ------ Seed MicroMeleeStorage Manual? 0 Play Time 00:27:03 Cumulative 51.7 hours Start 2025.04.25 @ 23:48:38 End 2025.04.26 @ 00:23:13 Sessions 1 Manual Loads 0 Difficulty Rogue Special Mode None Game No. 152 Rogue 152 Adventurer 0 Explorer 0 Win Type - Total 0 Types 0/0/0/0/0/0/0/0/0 Lore% 14 Gallery% 39 Achievement% 32 Wizard Run 0 Options --------- Layout 0 ASCII 0 Keyboard 0 Movement Numpad Keybinds 0 Fullscreen 2 Font 18/Terminus Map View 76x50 Zoom Use 0% Tactical HUD 1 Map Filters NONE Filters NONE Steam 1 RUN: a89b1d66-1c32-4d40-94e5-10a01ef9d567